 Dungeon Crawl Stone Soup version 0.20-a0-1109-ge3cd172 (webtiles) character file.

1871 Leszczynek the Grappler (level 9, -4/51 HPs)
             Began as a Vine Stalker Wanderer on May 5, 2017.
             Was an Initiate of Makhleb.
             Slain by a killer bee (7 damage)
             ... on level 7 of the Dungeon.
             The game lasted 00:27:47 (4788 turns).

Leszczynek the Grappler (Vine Stalker Wanderer)     Turns: 4788, Time: 00:27:47

Health: -4/51      AC:  3    Str: 16 (17) XL:     9   Next: 13%
Magic:  0/11       EV: 12    Int: 11 (14) God:    Makhleb [......]
Gold:   304        SH:  0    Dex: 10 (13) Spells: 6/10 levels left

rFire    . . .     SeeInvis .     - Unarmed
rCold    . . .     Gourm    .   (no shield)
rNeg     . . .     Faith    .   j - +0 leather armour
rPois    .         Spirit   +   (no helmet)
rElec    .         Reflect  .   (no cloak)
rCorr    .         Harm     .   (no gloves)
MR       +....                  (no boots)
Stlth    +.........             (no amulet)
Regen    0.6/turn               (no ring)
MPRegen  0.2/turn               (no ring)

@: lethally poisoned (-4 -> -5), drained
A: fangs 3, mutation resistance 1, regeneration 1, robust 1, magic shield,
antimagic bite, no potion heal 3, rot immunity
a: Renounce Religion


You were on level 7 of the Dungeon.
You worshipped Makhleb.
Makhleb was noncommittal.
You were not hungry.

You visited 1 branch of the dungeon, and saw 9 of its levels.

You collected 304 gold pieces.

Inventory:

Missiles
 w - 2 tomahawks (quivered)
Armour
 i - a cursed +0 robe {d:1}
 j - a +0 leather armour (worn)
Jewellery
 y - an uncursed ring of fire
Scrolls
 b - 2 scrolls of random uselessness {unknown}
 c - 2 scrolls of teleportation
 k - a scroll of remove curse {@r2}
 m - a scroll of fog
 n - 4 scrolls of identify {@r1}
 o - a scroll of enchant armour {unknown}
 r - a scroll of enchant weapon
 t - 2 scrolls of recharging {unknown}
 v - a scroll of noise {unknown}
 x - a scroll of magic mapping {unknown}
Potions
 h - a potion of mutation {!q}
 u - 2 potions of curing {@q1}
Comestibles
 a - 5 chunks of flesh
 d - 3 bread rations
 l - 2 fruits
 p - 4 meat rations
 q - a royal jelly


   Skills:
 + Level 5.5(5.0) Fighting
 - Level 1.0(0.6) Throwing
 + Level 3.9(3.5) Dodging
 - Level 1.2(0.8) Stealth
 * Level 9.2(8.7) Unarmed Combat
 - Level 1.1(0.7) Spellcasting
 - Level 1.0(0.6) Necromancy
   Level 1.0(0.6) Fire Magic


You had 6 spell levels left.
You knew the following spells:

 Your Spells              Type           Power        Failure   Level  Hunger
a - Animate Skeleton      Necr           N/A          32%         1    ##.....
q - Regeneration          Chrm/Necr      #.........   73%         3    ####...


Dungeon Overview and Level Annotations

Branches:
Dungeon (9/15)             Temple (0/1) D:7
   Lair: D:8-11         Orc: D:9-12

Altars:
Elyvilon
Fedhas
Gozag
Kikubaaqudgha
Makhleb
Uskayaw
Wu Jian

Annotations:
D:3 Voxish's ghost, amateur NaTm
D:5 exclusion: centaur
D:6 Prince Ribbit
D:7 seren's ghost, novice HOFi
D:9 Erica


Innate Abilities, Weirdness & Mutations

You have razor-sharp teeth.
Your natural rate of healing is unusually fast.
When hurt, damage is shared between your health and your magic reserves.
Your bite disrupts and absorbs the magic of your enemies.
Potions cannot restore your health.
You are immune to rotting.
You are somewhat resistant to further mutation.
You are robust. (+10% HP)


Message History

The killer bee is moderately wounded.
The killer bee completely misses you. The killer bee stings you.
* * * LOW HITPOINT WARNING * * *
You miss the killer bee. Your bite misses the killer bee.
The killer bee is moderately wounded.
The killer bee misses you.
You hit the killer bee.
The killer bee is moderately wounded.
The killer bee stings you!
* * * LOW HITPOINT WARNING * * *
You are poisoned.
The killer bee poisons you! The killer bee closely misses you.
Unknown command.
As you read the scroll labeled HOMEDYD YMIXA, it crumbles to dust.
It is a scroll of enchant weapon.
You aren't carrying any weapons that can be enchanted.
You feel sick. The killer bee stings you.
* * * LOW HITPOINT WARNING * * *
The killer bee stings you!
You die...

#.....# ####..........#
#.....######.............#
#............##...<....<.#
#.....#########..........###
#.....## #..........##.
#......########.............
######.#.....######.##...##.
#.......# #..##.#####
###).y@.### #.###.# #
#.......###. #.# #
#.......[##.# #.#
###.###...#.###.#### #.#
............# #.#
###.........# ####### #.#
#.........## #.....###.#
#.........##
###.......######.........##


You could see a killer bee.

Vanquished Creatures
  A sky beast (D:6)
  A necrophage (D:7)
  3 ogres
  A centaur (D:6)
  2 bullfrogs
  A scorpion (D:6)
  3 killer bees (D:8)
  2 wights
  2 howler monkeys (D:4)
  A bullfrog zombie (D:6)
  A crimson imp (D:5)
  A jelly (D:7)
  A centaur zombie (D:5)
  An orc priest (D:4)
  5 hounds
  3 bullfrog skeletons
  A centaur skeleton (D:6)
  A gnoll shaman (D:6)
  3 iguanas
  Natasha (twice) (D:2)
  An orc wizard (D:4)
  2 worker ants
  A hound skeleton (D:7)
  A mummy (D:7)
  7 gnolls
  4 adders
  A shadow imp (D:6)
  4 worms
  3 dart slugs
  6 leopard geckos
  13 orcs
  A giant cockroach (D:4)
  12 goblins
  6 hobgoblins
  6 jackals
  5 kobolds
  A ball python (D:2)
  7 bats
  9 frilled lizards
  A jackal skeleton (D:4)
  An orc zombie (D:7)
  4 rats
132 creatures vanquished.

Notes
Turn   | Place    | Note
-------+----------+-------------------------------------------
     0 | D:1      | Leszczynek the Vine Stalker Wanderer began the quest for the Orb.
     0 | D:1      | Leszczynek set off with: a scroll of blinking, a potion of berserk rage {!q}, 2 scrolls of teleportation, a bread ration, a +0 club, a +0 robe
     0 | D:1      | Reached XP level 1. HP: 11/11 MP: 3/3
     0 | D:1      | 16/11/12 (6/3/3)
   251 | D:1      | Reached skill level 2 in Unarmed Combat
   251 | D:1      | Reached XP level 2. HP: 15/16 MP: 4/4
   506 | D:1      | Reached XP level 3. HP: 13/19 MP: 5/5
   634 | D:1      | Reached skill level 3 in Unarmed Combat
   873 | D:2      | Noticed Natasha
   882 | D:2      | Killed Natasha
   900 | D:2      | Noticed Natasha
   901 | D:2      | HP: 1/19 [Natasha (4)]
   962 | D:1      | Gained mutation: Your natural rate of healing is unusually fast. [Vine Stalker growth]
   962 | D:1      | Reached XP level 4. HP: 6/23 MP: 3/6
  1198 | D:2      | Reached skill level 4 in Unarmed Combat
  1493 | D:3      | Reached XP level 5. HP: 15/27 MP: 4/7
  1530 | D:3      | Noticed Voxish's ghost (amateur NaTm)
  1560 | D:4      | Reached skill level 5 in Unarmed Combat
  1612 | D:4      | Reached XP level 6. HP: 17/32 MP: 8/8
  1786 | D:3      | Reached skill level 6 in Unarmed Combat
  1839 | D:2      | Killed Natasha
  2043 | D:3      | Found an ancient bone altar of Kikubaaqudgha.
  2046 | D:3      | Found an ornate altar of the Wu Jian Council.
  2415 | D:4      | Reached skill level 7 in Unarmed Combat
  2415 | D:4      | Reached XP level 7. HP: 13/35 MP: 4/9
  2691 | D:4      | Found an opulent altar of Gozag.
  2734 | D:5      | Entered Level 5 of the Dungeon
  3119 | D:6      | Found a white marble altar of Elyvilon.
  3151 | D:6      | Reached skill level 8 in Unarmed Combat
  3155 | D:6      | Gained mutation: Armour fits poorly on your strangely shaped body. [mutagenic meat]
  3156 | D:6      | Gained mutation: You are frail. (-10% HP) [mutagenic meat]
  3157 | D:6      | Lost mutation: You are frail. (-10% HP) [potion of mutation]
  3157 | D:6      | Gained mutation: Your magical capacity is low. (-10% MP) [potion of mutation]
  3157 | D:6      | Gained mutation: You are resistant to hostile enchantments. (MR+) [potion of mutation]
  3158 | D:6      | Lost mutation: Armour fits poorly on your strangely shaped body. [potion of mutation]
  3158 | D:6      | Lost mutation: Your magical capacity is low. (-10% MP) [potion of mutation]
  3158 | D:6      | Lost mutation: You are resistant to hostile enchantments. (MR+) [potion of mutation]
  3158 | D:6      | Gained mutation: You are robust. (+10% HP) [potion of mutation]
  3158 | D:6      | Gained mutation: You are somewhat resistant to further mutation. [potion of mutation]
  3216 | D:6      | Noticed Prince Ribbit
  3250 | D:6      | Learned a level 1 spell: Animate Skeleton
  3254 | D:6      | Learned a level 3 spell: Regeneration
  3307 | D:6      | Reached skill level 2 in Dodging
  3307 | D:6      | Gained mutation: You have razor-sharp teeth. [Vine Stalker growth]
  3307 | D:6      | Reached XP level 8. HP: 20/42 MP: 7/10
  3414 | D:6      | Reached skill level 3 in Fighting
  3570 | D:5      | Found a blossoming altar of Fedhas.
  3921 | D:7      | Found a burning altar of Makhleb.
  3930 | D:7      | Reached skill level 4 in Fighting
  3930 | D:7      | Reached skill level 3 in Dodging
  3939 | D:7      | Became a worshipper of Makhleb the Destroyer
  3980 | D:7      | Noticed seren's ghost (novice HOFi)
  4215 | D:7      | Found a staircase to the Ecumenical Temple.
  4236 | D:7      | Reached skill level 5 in Fighting
  4302 | D:7      | Noticed a wraith
  4543 | D:8      | Reached XP level 9. HP: 46/51 MP: 9/11
  4615 | D:9      | Reached skill level 9 in Unarmed Combat
  4623 | D:9      | Noticed Erica
  4635 | D:8      | Found a hide-covered altar of Uskayaw.
  4703 | D:8      | HP: 10/51 [killer bee (6)]
  4787 | D:7      | HP: 5/51 [killer bee (7)]
  4788 | D:7      | Slain by a killer bee

Vault maps used:
D:1:      lemuel_arrival_lava_pool, minmay_misc_feat_ornament
D:2:      uniq_natasha, uniq_terence
D:3:      amethyst_overflow_temple_binary
D:4:      overflow_temple_1_default, serial_co_window_serial, co_window_paths_a,
          co_window_corner_a, co_window_corner_a, co_window_corner_a,
          co_window_corner_a, co_window_corner_b, co_window_broadway_b,
          co_window_corner_b, co_window_2corner, co_window_2corner,
          co_window_paths_c, co_window_paths_c, co_window_paths_e,
          glass_columns_a, glass_columns_a, glass_columns_a, glass_columns_a,
          glass_columns_c
D:5:      first_bread, tgw_fedhas
D:6:      lemuel_doored_altar, uniq_prince_ribbit1
D:7:      makhleb_blood_cavern_becter, minmay_temple_entry_mist,
          lemuel_mausoleum_altar_kikubaaqudgha
D:8:      eat_drink_and_be_merry_uskayaw, hangedman_little_slice_of_home
D:9:      lair_entry_dummy, orc_0_dummy, serial_shops, shop, uniq_erica

Skill      XL: |  1  2  3  4  5  6  7  8  9 |
---------------+----------------------------+-----
Unarmed Combat | 2 3 4 5 7 8 9 |  9.2
Dodging        | 2 3 |  3.9
Fighting       | 5 |  5.5
Throwing       | |  1.0
Stealth        | |  1.2
Spellcasting   | |  1.1
Necromancy     | |  1.0
Fire Magic     | |  1.0

Action                   |  1- 3 |  4- 6 |  7- 9 || total
-------------------------+-------+-------+-------++-------
Melee: Hand axe          |    63 |   174 |       ||   237
       Bite              |     7 |    34 |    70 ||   111
       Punch             |       |     4 |    11 ||    15
       Unarmed           |       |       |   222 ||   222
Throw: Tomahawk          |       |       |     5 ||     5
  Use: Potion            |     3 |       |     6 ||     9
       Scroll            |     1 |     1 |     6 ||     8
 Stab: Sleeping          |     2 |     2 |     1 ||     5
       Distracted        |       |     1 |       ||     1
  Eat: Chunk             |       |     6 |    10 ||    16
Armor: Robe              |    12 |       |       ||    12
       Leather armour    |       |    30 |    26 ||    56
Dodge: Dodged            |    42 |    88 |   131 ||   261
